 Dungeon Crawl Stone Soup version 0.31-a0-361-g0f8bd3a31e (webtiles) character file.

Game seed: 18159452200973061077

76 AdnanSaban the Covered (level 4, 0/29 HPs)
             Began as a Gargoyle Fighter on July 27, 2023.
             Slain by Pargi (4 damage)
             ... on level 3 of the Dungeon.
             The game lasted 00:01:20 (1405 turns).

AdnanSaban the Covered (Gargoyle Fighter)           Turns: 1405, Time: 00:01:21

Health: 0/29       AC: 10    Str: 22    XL:     4   Next: 32%
Magic:  4/4        EV:  9    Int:  8    God:
Gold:   85         SH:  4    Dex:  9    Spells: 3/3 levels left

rFire   . . .        a - +0 flail
rCold   . . .        c - +0 buckler
rNeg    + . .        b - +0 scale mail
rPois   ∞            (no helmet)
rElec   +            (no cloak)
rCorr   .            (no gloves)
SInv    .            (no boots)
Will    .....        (no amulet) Stlth
                     (no ring)
HPRegen 0.24/turn    (no ring)
MPRegen 0.09/turn

%: no passive effects
@: no status effects
A: sickness immunity, AC +3, negative energy resistance 1, electricity
resistance, torment resistance 1, petrification resistance
a: no special abilities


You were on level 3 of the Dungeon.
You visited 1 branch of the dungeon, and saw 3 of its levels.

You collected 85 gold pieces.

Inventory:

Hand Weapons
 a - a +0 flail (weapon)
Missiles
 j - 4 poisoned darts (quivered)
Armour
 b - a +0 scale mail (worn)
 c - a +0 buckler (worn)
Wands
 m - a wand of light (7)
Scrolls
 e - 2 scrolls of revelation {unknown}
 f - 4 scrolls of identify {unknown}
 h - 2 scrolls of fear {unknown}
 k - a scroll of blinking {unknown}
 l - a scroll of fog {unknown}
Potions
 d - a potion of might
 g - 3 potions of curing {unknown}
 i - a potion of brilliance {unknown}
 n - a potion of enlightenment {unknown}


   Skills:
 + Level 3.8 Fighting
 + Level 2.9 Maces & Flails
 + Level 4.0 Armour
 + Level 0.5 Dodging
 + Level 3.7 Shields


You had 3 spell levels left.
You didn't know any spells.
Your spell library was empty.

Dungeon Overview and Level Annotations

Branches:
Dungeon (3/15)

Altars:

Annotations:
D:3 Pargi


Innate Abilities, Weirdness & Mutations

You are immune to sickness and miasma.
Your stone body is resilient. (AC +3)
You are immune to poison.
You resist negative energy. (rN+)
You are resistant to electric shocks. (rElec)
You are resistant to unholy torment.
You are immune to petrification.


Message History

You are too injured to fight recklessly!
You closely miss Pargi.
Pargi is moderately wounded.
Pargi closely misses you. Pargi claws you but does no damage.
You block Pargi's attack.
You barely miss Pargi.
Pargi is moderately wounded.
Pargi barely misses you. Pargi claws you but does no damage.
Pargi barely misses you. Pargi bites you but does no damage.
Pargi claws you but does no damage. x2
You closely miss Pargi.
Pargi is moderately wounded.
Pargi closely misses you. Pargi claws you but does no damage.
Pargi closely misses you.
You closely miss Pargi.
Pargi is lightly wounded.
Pargi bites you. You block Pargi's attack. x2
You barely miss Pargi.
Pargi is lightly wounded.
Pargi bites you but does no damage. Pargi claws you but does no damage.
You block Pargi's attack. Pargi bites you.
* * * LOW HITPOINT WARNING * * *
Pargi closely misses you. Pargi claws you but does no damage.
You closely miss Pargi.
Pargi is lightly wounded.
Pargi closely misses you. Pargi claws you.
* * * LOW HITPOINT WARNING * * *
Pargi claws you but does no damage.
You hit Pargi.
Pargi is lightly wounded.
You block Pargi's attack. Pargi claws you but does no damage. x2
You thump Pargi!
Pargi is moderately wounded.
Pargi bites you.
* * * LOW HITPOINT WARNING * * *
Pargi claws you but does no damage. You block Pargi's attack.
You closely miss Pargi.
Pargi is moderately wounded.
Pargi bites you.
You die...

#####...#####...##........#
†...............).......<.....
#####.........####........####
#####.....# #........#
#####.########....# #...#
#....# #.#.# #....# #.#.### ##
#.#.@T# #.###.((..# #.#
####... #.# . #.#


You could see Pargi.

Vanquished Creatures
  An adder (D:3)
  2 worms
  3 dart slugs
  2 endoplasms
  6 goblins
  7 hobgoblins
  12 jackals
  2 quokkas
  4 ball pythons (D:2)
  3 bats
  3 frilled lizards
  3 kobolds
  2 rats (D:1)
50 creatures vanquished.

Notes
Turn   | Place    | Note
-------+----------+-------------------------------------------
     0 | D:1      | AdnanSaban the Gargoyle Fighter began the quest for the
                  | Orb.
     0 | D:1      | Reached XP level 1. HP: 14/14 MP: 1/1
   179 | D:1      | Reached XP level 2. HP: 18/19 MP: 2/2
   583 | D:2      | Reached XP level 3. HP: 24/24 MP: 3/3
  1234 | D:3      | Reached XP level 4. HP: 29/29 MP: 4/4
  1278 | D:3      | Reached skill level 4 in Armour
  1379 | D:3      | Noticed Pargi
  1405 | D:3      | Slain by Pargi

Illustrated notes

Levels and vault maps discovered:
D:1:      sevenhm_arrival_forest_fort_small_3, layout_rooms
D:2:      layout_loops_ring, minmay_pentomino_o2
D:3:      layout_basic, mainiacjoe_overflow_alcove_4,
          nicolae_overflow_crystal_walls,
          hellmonk_ecumenical_altar_pennies_from_heaven, uniq_pargi

Skill      XL: |  1  2  3  4 |
---------------+-------------+-----
Armour         | 4 |  4.0
Fighting       | |  3.8
Maces & Flails | |  2.9
Dodging        | |  0.5
Shields        | |  3.7

Action                     |  1- 3 |  4- 6 || total
---------------------------+-------+-------++-------
  Melee: Flail             |   147 |    61 ||   208
  Throw: Dart              |       |     2 ||     2
 Armour: Scale mail        |    96 |    53 ||   149
  Dodge: Dodged            |    80 |    41 ||   121
  Block: Buckler           |    34 |    23 ||    57

Table legend: (Time is in decaauts)
 A = Elapsed time spent in this place.
 B = Non-inter-level travel time spent in this place.
 C = Inter-level travel time spent in this place.
 D = Time resting spent in this place.
 E = Time spent auto-exploring this place.
 F = Levels seen in this place.
 G = Mean time per level.
                   A        B        C        D        E       F      G
               +--------+--------+--------+--------+--------+-----+--------+
         Total |   1470 |   1403 |     67 |      0 |    992 |   3 |  490.0 |
       Dungeon |   1470 |   1403 |     67 |      0 |    992 |   3 |  490.0 |
               +--------+--------+--------+--------+--------+-----+--------+

Top non-repeatable levels by time:
     D:2: 769 daAuts
     D:1: 412 daAuts
     D:3: 288 daAuts
